 Dungeon Crawl Stone Soup version 0.31.0-11-ge490571c62 (webtiles) character file.

Game seed: 7178937028211105807

36 Minsecho the Ducker (level 3, -4/19 HPs)
             Began as a Spriggan Monk on Jan 29, 2024.
             Killed from afar by Natasha (10 damage)
             ... with a magic dart
             ... on level 2 of the Dungeon.
             The game lasted 00:01:37 (958 turns).

Minsecho the Ducker (Spriggan Monk)                  Turns: 958, Time: 00:01:38

Health: -4/19      AC:  2    Str:  9    XL:     3   Next: 19%
Magic:  4/4        EV: 19    Int: 11    God:
Gold:   78         SH:  0    Dex: 17    Spells: 2/2 levels left

rFire   . .          .
                       - Unarmed
rCold   . . .        c - orb {light}
rNeg    . . .        a - +0 robe
rPois   .            (helmet restricted)
rElec   .            (no cloak)
rCorr   .            (gloves unavailable)
SInv    +            (boots unavailable)
Will    .....        (no amulet)
Stlth   +            (no ring)
HPRegen 0.23/turn    (no ring)
MPRegen 0.09/turn

%: no passive effects
@: glowing, very quick
A: very small, no large weapons, unfitting armour, see invisible, speed 3
a: no special abilities


You were on level 2 of the Dungeon.
You visited 1 branch of the dungeon, and saw 2 of its levels.

You collected 78 gold pieces.

Inventory:

Armour
 a - a +0 robe (worn)
 c - an orb of light (worn)
Scrolls
 e - a scroll of fog {unknown}
 f - a scroll of teleportation {unknown}
 g - a scroll of enchant armour {unknown}
 h - a scroll of poison {unknown}
Potions
 d - a potion of might {unknown}


   Skills:
 + Level 2.8 Fighting
 + Level 4.6 Dodging
 + Level 0.4 Stealth
 + Level 2.9 Unarmed Combat


You had 2 spell levels left.
You didn't know any spells.
Your spell library was empty.

Dungeon Overview and Level Annotations

Branches:
Dungeon (2/15)

Altars:

Annotations:
D:2 1 runed translucent door, Crazy Yiuf, Natasha


Innate Abilities, Weirdness & Mutations

You are very small and have problems with some larger weapons.
You are too small for most types of armour.
You have supernaturally acute eyesight. (SInv)
You cover ground extremely quickly. (Speed+++)


Message History

The giant cockroach is moderately wounded.
The giant cockroach closely misses you.
The giant cockroach completely misses you.
The cerulean imp misses you.
You hit the giant cockroach but do no damage.
The giant cockroach is moderately wounded.
The giant cockroach misses you.
You barely miss the giant cockroach.
The giant cockroach is moderately wounded.
The cerulean imp misses you.
Natasha howls an incantation.
Natasha shimmers violently.
The giant cockroach completely misses you.
You hit the giant cockroach.
The giant cockroach is almost dead.
The cerulean imp closely misses you. The giant cockroach bites you.
You hit the giant cockroach.
You kill the giant cockroach!
The cerulean imp hits you with a +2 spear.
Natasha casts a spell at you. The magic dart hits you!
* * * LOW HITPOINT WARNING * * *
The cerulean imp completely misses you.
You see here a giant cockroach corpse.
Natasha misses you.
You hit Natasha but do no damage.
Natasha is severely wounded.
The cerulean imp closely misses you. Natasha barely misses you.
You hit Natasha but do no damage.
Natasha is severely wounded.
The cerulean imp hits you but does no damage.
Natasha closely misses you.
You hit Natasha but do no damage.
Natasha is severely wounded.
The cerulean imp completely misses you. Natasha casts a spell at you.
The magic dart hits you!
Ouch! That really hurt!
You die...
Natasha curls up and begins to purr.

#. #. #### ### #.
).###########.####
#.##..............
###.##.##.##.##.##..
#..5......##.#####.#
#.##.#†##.#####.#
#.#
#<....@##.#####.#
#..
##....h.#.......#
#.# #.#.##.#########
#.# #.#. .# #.. # #.
.# #.# #. .# #.. .#
.#


You could see Natasha and a cerulean imp (summoned).

Vanquished Creatures
  An adder (D:2)
  A ball python (D:2)
  3 bats (D:1)
  2 endoplasms
  4 giant cockroaches
  A goblin (D:1)
  2 hobgoblins
  A jackal (D:1)
  2 quokkas
  A frilled lizard (D:2)
  3 kobolds
  3 rats
24 creatures vanquished.

Notes
Turn   | Place    | Note
-------+----------+-------------------------------------------
     0 | D:1      | Minsecho the Spriggan Monk began the quest for the Orb.
     0 | D:1      | Reached XP level 1. HP: 11/11 MP: 2/2
   223 | D:1      | Reached XP level 2. HP: 16/16 MP: 3/3
   305 | D:1      | Found a faded altar of an unknown god.
   671 | D:2      | Reached XP level 3. HP: 19/19 MP: 4/4
   827 | D:2      | Found a runed translucent door.
   828 | D:2      | Noticed Crazy Yiuf
   938 | D:2      | Noticed Natasha
   958 | D:2      | Killed from afar by Natasha

Illustrated notes

Levels and vault maps discovered:
D:1:      dpeg_arrival_stone_temple_mockup, layout_basic,
          chequers_ecumenical_altar_simple, serial_bayou_pond_e,
          minmay_pentomino_v4
D:2:      layout_loops_cross, uniq_natasha, uniq_crazy_yiuf_cottage

Action                     || total
---------------------------++-------
  Melee: Unarmed           ||    99
    Use: Potion            ||     1
 Armour: Robe              ||    30
  Dodge: Dodged            ||    94
